Megumin, chaotic female elven Wizard ---+------------- | - |.....h[.............- |----....---.----- |%%@-..Gh| .....| |...@-h..(_@| -....| ....@| ......| ------ -------- Megumin the Thaumaturge Experience level: 8 Strength: 10 Dexterity: 14 Constitution: 13 Intelligence: 18 Wisdom: 13 Charisma: 10 Health: 0(55) Energy: 65(101) AC: 9 Gold: 24 Moves: 2634 Your Inventory: Coins $ - 24 gold pieces Weapons G - 16 [uncursed +0] daggers (in quiver) I - 6 cursed [+0] daggers L - an [uncursed +0] elven dagger named Sting [Sting] (weapon in hand) Armor b - an uncursed +0 cloak of magic resistance (being worn) Comestibles y - an [uncursed] lichen corpse O - an [uncursed] dwarf corpse Scrolls h - an uncursed scroll of scare monster u - 3 uncursed scrolls of identify H - an [uncursed] scroll of teleportation J - an [uncursed] scroll labeled KIRJE [of flood] K - an [uncursed] scroll labeled FOOBIE BLETCH [of punishment] Potions f - 2 uncursed potions of healing o - an uncursed potion of extra healing r - a cursed potion of speed Rings d - an uncursed ring of regeneration e - an uncursed ring of free action (on right hand) Wands N - an [uncursed] wand of magic missile [0:2] Tools t - an uncursed bag of holding D - 2 [uncursed tallow] candles F - an [uncursed] key [skeleton key] M - an [uncursed] towel Contents of the bag of holding: 376 gold pieces an uncursed scroll of charging a cursed scroll of magic mapping 2 [uncursed] unlabeled scrolls [of blank paper] an [uncursed] spellbook of create monster a blessed spellbook of force bolt an uncursed spellbook of knock an uncursed spellbook of slow monster an uncursed potion of fruit juice an uncursed wand of magic missile (0:0) an uncursed wooden flute Spells known in the end: Name Level Category Fail Memory a - force bolt 1 attack 0% [|||||||.] b - knock 1 matter 0% [|||||||.] c - create monster 2 clerical 43% [||||||||] d - slow monster 2 enchantment 0% [||||||||] Your skills at the end: Fighting Skills Weapon Skills dagger [Basic / Expert] quarterstaff [Basic / Expert] Spellcasting Skills attack spells [Basic / Expert] enchantment spells [Basic / Skilled] Final Attributes: You were piously aligned. Hunger level was 761. Your alignment was 23 / 23. Monster difficulty range was 1 - 8. Level difficulty was 8. You were immune to sleep. You were magic-protected. You saw invisible. You were telepathic. You were aware of the presence of orcs. You had infravision. You had free action. Your luck was zero. You are dead. Vanquished creatures: an ape 2 ponies 6 gnome lords a golden naga hatchling a gray ooze a ghoul a paper golem a little dog a floating eye 6 dwarves a kobold lord a rothe a monkey 2 orc zombies 3 dwarf zombies an iguana 8 killer bees 2 hobbits a large kobold a hobgoblin a giant rat a yellow mold 33 gnomes 5 jackals a goblin 4 grid bugs a lichen a newt 89 creatures vanquished. Voluntary challenges: You were an atheist. You used a wielded weapon 26 times. You read items or engraved 9 times. You put on armor 1 time. You never genocided any monsters. You never polymorphed an object. You never changed form. You used no wishes. You wrote Elbereth's name 4 times. You never encountered a bones level. You never used any Sokoban shortcuts. Dungeon overview: The Dungeons of Doom: levels 1 to 4 Level 1 a fountain a long staircase Level 3 a general store, a sink Level 4 stairs to The Gnomish Mines The Gnomish Mines: levels 5 to 8 Level 5 stairs to The Dungeons of Doom Level 8 <- You were here a delicatessen, a temple to Anhur, a magic chest History has recorded: On T:1 you entered the Dungeons of Doom to retrieve the Amulet of Yendor! On T:19 you reached level 2 of The Dungeons of Doom. On T:653 you reached level 3 of The Dungeons of Doom. On T:671 you advanced to experience level 2. On T:676 you advanced to experience level 3. On T:852 you reached level 4 of The Dungeons of Doom. On T:972 you advanced to experience level 4. On T:1194 you advanced to experience level 5. On T:1279 you reached level 1 of The Gnomish Mines. On T:1312 you advanced to experience level 6. On T:1392 you reached level 2 of The Gnomish Mines. On T:1582 you advanced to experience level 7. On T:2072 you reached level 3 of The Gnomish Mines. On T:2496 you advanced to experience level 8. On T:2604 you reached level 4 of The Gnomish Mines. Latest messages: The dwarf swings his broad pick. The dwarf hits! Suddenly, a section of wall closes up! [HP-9=36] [4 turns] The door opens. The dwarf swings his broad pick. The dwarf hits! The gnome throws a dart! You are hit by a dart. The dwarf swings his broad pick. The dwarf hits! Suddenly, a section of wall closes up! [HP-28=8] [4 turns] You don't have enough stamina to move. The dwarf throws a dagger! You are hit by a dagger. Wizard, your life force is running out. The dwarf swings his broad pick. The dwarf hits! You die... Final status: Goodbye Megumin the Wizard... You died in The Gnomish Mines on dungeon level 8 with 3454 points, and 400 pieces of gold, after 2634 moves. You were level 8 with a maximum of 55 hit points when you died.